 Dungeon Crawl Stone Soup version 0.29.1-12-g30fa7ad0bf (webtiles) character file.

Game seed: 13224019147330094541

27 Peloso the Trooper (level 2, 25/27 HPs)
             Began as a Minotaur Fighter on Dec 23, 2022.
             Got out of the dungeon alive.
             The game lasted 00:01:19 (551 turns).

Peloso the Trooper (Minotaur Fighter)                Turns: 551, Time: 00:01:20

Health: 25/27      AC:  7    Str: 20    XL:     2   Next: 93%
Magic:  1/1        EV:  9    Int:  3    God:
Gold:   17         SH:  4    Dex:  9    Spells: 1/1 levels left

rFire   . . .      SeeInvis .   a - +0 long sword
rCold   . . .      Faith    .   c - +0 buckler
rNeg    . . .      Spirit   .   b - +0 scale mail
rPois   .          Reflect  .   (helmet restricted)
rElec   .          Harm     .   (no cloak)
rCorr   .          Rampage  .   (no gloves)
Will    .....                   (no boots)
Stlth   ..........              (no amulet)
HPRegen 0.09/turn               (no ring)
MPRegen 0.07/turn               (no ring)

@: no status effects
A: horns 2, retaliatory headbutt, dopey 1
a: no special abilities


You escaped.
You visited 1 branch of the dungeon, and saw 2 of its levels.

You collected 17 gold pieces.

Inventory:

Hand Weapons
 a - a +0 long sword (weapon)
Armour
 b - a +0 scale mail (worn)
 c - a +0 buckler (worn)
Jewellery
 h - an amulet of the acrobat
Potions
 d - a potion of might
 e - a potion of haste {unknown}
 g - a potion of heal wounds


   Skills:
 + Level 4.1 Fighting
 + Level 3.3 Long Blades
 + Level 3.8 Armour
 + Level 0.1 Dodging
 + Level 3.7 Shields


You had one spell level left.
You didn't know any spells.
Your spell library was empty.

Dungeon Overview and Level Annotations

Branches:
Dungeon (2/15)

Altars:


Innate Abilities, Weirdness & Mutations

You have a pair of horns on your head.
You reflexively headbutt those who attack you in melee.
You are dopey. (Int -2)


Message History

The jackal barely misses you. You block the jackal's attack.
You hit the kobold but do no damage. You headbutt the kobold.
You kill the kobold!
You block the jackal's attack. The goblin hits you but does no damage.
You closely miss the goblin. The jackal closely misses you.
The jackal barely misses you. The goblin hits you with a +0 dagger.
You barely miss the goblin. You headbutt the goblin.
You kill the goblin!
The jackal barely misses you. You block the jackal's attack.
Found a robe.
The jackal closely misses you.
The jackal bites you but does no damage.
Items here: )) †††.
You slash the jackal!
You kill the jackal!
You see here a jackal corpse.
You see here a jackal corpse.
Items here: )) †††.
As you read the scroll labelled PIUNOTHA DAORY, it crumbles to dust.
It is a scroll of identify.
g - a potion of heal wounds It was a potion of attraction.
You feel attractive to monsters.
You drop a potion of attraction.
It was a potion of mutation.
You feel extremely strange.
You feel stupid.
(D) Dungeon
Where to? (? - help)
What level of the Dungeon? (default 1, ? - help)
You see here a jackal corpse.
e - a sapphire potion
Found a buckler.
You see here 5 stones.
There is an open door here.
There is an open door here.
You open the door.
There is an open door here.
You feel less attractive to monsters.
There is a staircase leading out of the dungeon here.
Are you sure you want to leave the Dungeon?
This will make you lose the game!
You have escaped!

### .. ### #+#########
###.##.#.. ..........# .[....
#.# ###########.#.# # ..# #.#
.#.......#.##.# #####
##.###.#.#.#.###'###.#.#.# #...#
.......#.#.#.#.....#.#.#.# #...#
#.######.#.#.#.....#.#.#.###...#
..##.'.'.#.#.'..@..+.#.#.'.'.###
.....###.#.#.#.....#.#.#.#####
#......#.#.#.#.....#.#.#.#
#...####.#.#.###+###.#.#.#
#.#.#..#.##.#.......#.##.#
#.#.#..#.#.###########.#.#
#.#....#.................#
..##.###########+#########
###.......##.# #.#...#


There were no monsters in sight!

Vanquished Creatures
  2 dart slugs
  An endoplasm (D:1)
  A goblin (D:1)
  2 hobgoblins (D:1)
  5 jackals (D:1)
  A quokka (D:1)
  2 ball pythons (D:1)
  A bat (D:1)
  A frilled lizard (D:1)
  2 kobolds (D:1)
  4 rats (D:1)
22 creatures vanquished.

Notes
Turn   | Place    | Note
-------+----------+-------------------------------------------
     0 | D:1      | Peloso the Minotaur Fighter began the quest for the Orb.
     0 | D:1      | Reached XP level 1. HP: 19/19 MP: 0/0
    81 | D:1      | You fall into a shaft and drop 1 floor!
   160 | D:2      | Reached skill level 4 in Fighting
   277 | D:1      | Reached XP level 2. HP: 27/27 MP: 1/1
   513 | D:1      | Gained mutation: You are dopey. (Int -2) [potion of
                  | mutation]
   551 | D:$      | Got out of the dungeon alive.

Illustrated notes

Levels and vault maps discovered:
D:1:      matt_arrival_los_fun, layout_rooms, kennysheep_flooded_box
D:2:      minmay_recursive_quarters, layout_basic, serial_co_window_serial,
          co_window_of_opportunity_a, co_window_paths_b, co_window_corner_a,
          co_window_cross_1, co_window_corner_a, co_window_corner_b,
          co_window_unsneaky_path_c, co_window_paths_c, co_window_4corner_a,
          glass_columns_a, glass_columns_a, glass_columns_a, glass_columns_b

Skill      XL: |  1  2 |
---------------+-------+-----
Fighting       | 4 |  4.1
Long Blades    | 3 |  3.3
Armour         | |  3.8
Dodging        | |  0.1
Shields        | |  3.7

Action                   || total
-------------------------++-------
Melee: Long sword        ||    51
       Headbutt          ||     6
  Use: Potion            ||     2
       Scroll            ||     1
Armor: Scale mail        ||    30
Dodge: Dodged            ||    36
Block: Buckler           ||    13
